 Dungeon Crawl Stone Soup version 0.21.1-1-g345015f (webtiles) character file.

277 Fang the Chopper (level 6, -2/58 HPs)
             Began as a Gargoyle Berserker on June 6, 2018.
             Was a Believer of Trog.
             Killed by nerve-wracking pain
             ... invoked by Grinder
              (5 damage)
             ... on level 3 of the Dungeon on June 7, 2018.
             The game lasted 00:04:15 (2306 turns).

Fang the Chopper (Gargoyle Berserker)               Turns: 2306, Time: 00:04:15

Health: -2/58      AC:  9    Str: 27    XL:     6   Next: 25%
Magic:  6/6        EV: 12    Int:  8    God:    Trog [**....]
Gold:   114        SH:  0    Dex:  9    Spells: 5/5 levels left

rFire    . . .     SeeInvis .   a - +0 hand axe
rCold    . . .     Gourm    .   (no shield)
rNeg     + . .     Faith    .   b - +0 animal skin
rPois    ∞         Spirit   .   (no helmet)
rElec    +         Reflect  .   n - +2 cloak
rCorr    .         Harm     .   (no gloves)
MR       .....                  (no boots)
Stlth    ..........             (no amulet)
HPRegen  0.19/turn              (no ring)
MPRegen  0.10/turn              (no ring)

@: berserking, starving, very quick
A: negative energy resistance 1, electricity resistance, unbreathing,
petrification resistance, rot immunity, AC +4
a: Berserk, Trog's Hand, Burn Spellbooks, Renounce Religion


You were on level 3 of the Dungeon.
You worshipped Trog.
Trog was pleased with you.
You were starving.

You visited 1 branch of the dungeon, and saw 3 of its levels.

You collected 114 gold pieces.

Inventory:

Hand Weapons
 a - a +0 hand axe (weapon)
Armour
 b - a +0 animal skin (worn)
 n - a +2 cloak (worn)
Scrolls
 d - a scroll of identify
 e - a scroll of noise {unknown}
 f - 3 scrolls of teleportation {unknown}
 h - 4 scrolls of remove curse {unknown}
 l - 2 scrolls of fear {unknown}
 m - a scroll of enchant weapon {unknown}
Potions
 i - 2 potions of mutation {unknown}
 j - a potion of lignification {unknown}
 k - a potion of berserk rage {unknown}
 p - a potion of curing {unknown}
 r - a potion of agility {unknown}
Books
 o - a book of Minor Magic

   Spells                             Type                      Level
   a - Magic Dart                     Conjuration                  1
   b - Blink                          Translocation                2
   c - Call Imp                       Summoning                    2
   d - Slow                           Hexes                        2
   e - Conjure Flame                  Conjuration/Fire             3
   f - Mephitic Cloud                 Conjuration/Poison/Air       3
   Trog disapproves of the use of such an item.
Comestibles
 c - 5 rations


   Skills:
 + Level 4.4 Fighting
 + Level 4.8 Axes
 + Level 2.6 Armour
 + Level 2.6 Dodging
 + Level 0.8 Stealth


You had 5 spell levels left.
You didn't know any spells.

Dungeon Overview and Level Annotations

Branches:
Dungeon (3/15)

Altars:
Elyvilon
Ru

Annotations:
D:3 Grinder


Innate Abilities, Weirdness & Mutations

You are resistant to torment.
Your stone body is resilient. (AC +4)
You are immune to poison.
You resist negative energy. (rN+)
You are resistant to electric shocks. (rElec)
You can survive without breathing.
You are immune to petrification.
You are immune to rotting.


Message History

Unknown command.
You closely miss Grinder.
Grinder is severely wounded.
Grinder hits you.
* * * LOW HITPOINT WARNING * * *
You writhe in agony.
* * * LOW HITPOINT WARNING * * *
A red film seems to cover your vision as you go berserk!
You feel yourself moving faster!
You feel mighty!
You are starving!
Grinder gestures at you. Pain shoots through your body!
* * * LOW HITPOINT WARNING * * *
You barely miss Grinder.
Grinder is severely wounded.
You closely miss Grinder.
Grinder is severely wounded.
Grinder gestures at you. Pain shoots through your body!
You die...

### ##.## ##...##
##.....## ##.......#####
##### ####.............
... ........@5........#
#.### ####.......####.#.#
#.... #####.#...#####.#.#
#.##.
..................###.##.
########$######.#..##.#..
#.# #.#..##..÷. #.#
#.#..##...) #.#
##.#..##..#.
#.#####>........#.


You could see Grinder.

Vanquished Creatures
  Sigmund (D:3)
  A hound (D:2)
  Robin (D:2)
  3 adders
  2 orcs (D:3)
  A ball python (D:2)
  4 giant cockroaches (D:2)
  13 goblins
  5 hobgoblins
  6 jackals (D:2)
  7 bats
  2 frilled lizards
  3 kobolds (D:2)
  5 rats
54 creatures vanquished.

Notes
Turn   | Place    | Note
-------+----------+-------------------------------------------
     0 | D:1      | Fang the Gargoyle Berserker began the quest for the Orb.
     0 | D:1      | Reached XP level 1. HP: 14/14 MP: 1/1
   471 | D:1      | You fall through a shaft!
   478 | D:2      | Reached XP level 2. HP: 15/19 MP: 2/2
   497 | D:2      | Noticed Robin
   507 | D:2      | Killed Robin
   507 | D:2      | Reached ** piety under Trog
   507 | D:2      | Reached XP level 3. HP: 11/24 MP: 3/3
   861 | D:2      | Reached XP level 4. HP: 16/29 MP: 4/4
  1969 | D:3      | Found a white marble altar of Elyvilon.
  1969 | D:3      | Found a sacrificial altar of Ru.
  1975 | D:3      | Reached XP level 5. HP: 32/33 MP: 5/5
  2021 | D:3      | Noticed Sigmund
  2037 | D:3      | Killed Sigmund
  2037 | D:3      | Reached XP level 6. HP: 18/39 MP: 6/6
  2240 | D:3      | Noticed Grinder
  2252 | D:3      | Paralysed by Grinder for 6 turns
  2271 | D:3      | Paralysed by Grinder for 2 turns
  2278 | D:3      | HP: 1/39 [Grinder (2)]
  2280 | D:3      | Paralysed by Grinder for 7 turns
  2291 | D:3      | Paralysed by Grinder for 7 turns
  2306 | D:3      | Killed from afar by Grinder

Skill      XL: |  1  2  3  4 |
---------------+-------------+-----
Axes           | 3 4 |  4.8
Fighting       | 4 |  4.4
Dodging        | 2 |  2.6
Armour         | |  2.6
Stealth        | |  0.8

Action                   |  1- 3 |  4- 6 || total
-------------------------+-------+-------++-------
Melee: Hand axe          |    73 |   137 ||   210
Invok: Berserk           |     1 |     3 ||     4
  Use: Potion            |       |     2 ||     2
       Scroll            |       |     1 ||     1
  Eat: Chunk             |       |     6 ||     6
Armor: Animal skin       |    19 |    59 ||    78
Dodge: Dodged            |    36 |    77 ||   113
